 Dungeon Crawl Stone Soup version 0.18.1-48-g4cf74bf (webtiles) character file.

1637 Heedrag the Destroyer (level 8, -2/41 HPs)
             Began as a Deep Elf Conjurer on July 29, 2016.
             Killed by divine providence
             ... invoked by an orc priest
              (14 damage)
             ... on level 6 of the Dungeon.
             The game lasted 00:12:26 (5635 turns).

Heedrag the Destroyer (Deep Elf Conjurer)           Turns: 5635, Time: 00:12:27

Health: -2/41      AC: 11    Str:  7    XL:     8   Next: 66%
Magic:  6/21       EV: 13    Int: 21    God:
Gold:   204        SH:  0    Dex: 15    Spells: 4 memorised, 9 levels left

rFire  . . .     SeeInvis .     y - +1 trident (protect)
rCold  . . .     Gourm    .     a - +0 robe
rNeg   . . .     Faith    .     (no shield)
rPois  .         Spirit   .     g - +0 helmet
rElec  .         Dismiss  .     C - +0 cloak
rCorr  .         Reflect  .     u - +0 pair of gloves
SustAt .         Harm     .     L - +0 pair of boots
MR     .....                    p - amulet of regeneration
Stlth  +.........               J - ring of wizardry
                                s - ring of loudness (curse)

@: not resistant to hostile enchantments, very unstealthy
A: no striking features
a: no special abilities


You were on level 6 of the Dungeon.
You were not hungry.

You visited 1 branch of the dungeon, and saw 7 of its levels.

You collected 204 gold pieces.

Inventory:

Hand Weapons
 e - a +0 short sword
 y - a +1 trident of protection (weapon)
 A - a +2 quarterstaff of chaos
Armour
 a - a +0 robe (worn)
 g - a +0 helmet (worn)
 h - a +0 buckler
 u - a +0 pair of gloves (worn)
 C - a +0 cloak (worn)
 L - a +0 pair of boots (worn)
Jewellery
 p - an amulet of regeneration (around neck)
 s - a cursed ring of loudness (left hand)
 I - an uncursed ring of sustain attributes
 J - a ring of wizardry (right hand)
Wands
 r - a wand of lightning (3/15)
Scrolls
 d - 10 scrolls of identify {unknown}
 i - 3 scrolls of recharging {unknown}
 j - 3 scrolls of noise {unknown}
 k - 2 scrolls of enchant weapon {unknown}
 l - 4 scrolls of random uselessness {unknown}
 n - 2 scrolls of magic mapping {unknown}
 o - 2 scrolls of amnesia {unknown}
 x - a scroll of enchant armour {unknown}
 F - 2 scrolls of teleportation {unknown}
 G - a scroll of remove curse {unknown}
Potions
 m - a potion of magic {unknown}
 q - 2 potions of agility {unknown}
 t - 2 potions of might {unknown}
 v - a potion of curing
 w - 2 potions of degeneration {unknown}
 z - 2 potions of resistance {unknown}
 E - a potion of brilliance {unknown}
 H - 2 potions of ambrosia {unknown}
Books
 b - a book of Conjurations

   Spells                             Type                      Level
   a - Magic Dart                     Conjuration                  1
   b - Searing Ray                    Conjuration                  2
   c - Dazzling Spray                 Conjuration/Hexes            3
   d - Fulminant Prism                Conjuration/Hexes            4
   e - Iskenderun's Mystic Blast      Conjuration                  4
   f - Iskenderun's Battlesphere      Conjuration/Charms           5
 D - a book of Ice

   Spells                             Type                      Level
   a - Ice Form                       Ice/Transmutation            4
   b - Metabolic Englaciation         Hexes/Ice                    5
   c - Ozocubu's Refrigeration        Ice                          6
   d - Bolt of Cold                   Conjuration/Ice              6
   e - Freezing Cloud                 Conjuration/Ice/Air          6
   f - Simulacrum                     Ice/Necromancy               6
Comestibles
 c - 4 bread rations
 f - 3 fruits
 B - 3 royal jellies
 K - 2 chunks of flesh


   Skills:
 - Level 2.4 Dodging
 - Level 2.4 Stealth
 + Level 7.7 Spellcasting
 * Level 10.3 Conjurations
 + Level 5.7 Charms


You had 9 spell levels left.
You knew the following spells:

 Your Spells              Type           Power        Failure   Level  Hunger
a - Magic Dart            Conj           ####         1%          1    None
b - Dazzling Spray        Conj/Hex       ####..       1%          3    None
c - Iskenderun's Mystic   Conj           ######..     1%          4    ###....
d - Iskenderun's Battles  Conj/Chrm      #####...     4%          5    #####..


Dungeon Overview and Level Annotations

Branches:
Dungeon (7/15)
 Temple: D:4-7

Altars:
Elyvilon
Nemelex Xobeh
Xom
The Shining One

Annotations:
D:2 Robin


Message History

Tha orc barely misses ye.
Tha wyvern skeleton bites ye!
* * * LOW HITPOINT WARNIN'
* * * Tha orc hits ye but does nay damage.
Ye climb upwards.
Yer battlesphere wavers an' loses cohesion.
Thar be a stone staircase leadin' down 'ere.
Unknown command.
Castin': Magic Dart Confirm wit' . or Enter, or press ? or * ta list all spells.
Aimin': Magic Dart
Press: ? - help, Shift-Dir - straight line, f - orc priest
Aim: an orc priest, wieldin' a flail Okay, than.
Castin': Magic Dart Confirm wit' . or Enter, or press ? or * ta list all spells.
Ye conjure a globe o' magical energy.
Tha orc priest mumbles some strange prayers ta Beogh against ye.
Beogh smites ye!
Ye die...

############
#........o@################
#.......*.o................
#..........################
#######..### ##..###
##...### ###...##
###.>######## #######
##........###


You could see an orc priest, an orc and a friendly battlesphere.

Vanquished Creatures
  Pikel (D:5)
  Sigmund (D:6)
  A black bear (D:4)
  An ogre (D:6)
  3 giant frogs
  2 scorpions
  2 giant frog zombies (D:6)
  Crazy Yiuf (D:4)
  2 hounds
  4 orc wizards
  4 worker ants
  A gnoll (D:1)
  8 adders
  An adder zombie (D:5)
  An adder skeleton (D:4)
  A worm (D:2)
  A dart slug (D:1)
  5 giant geckos
  16 orcs
  4 ball pythons
  6 bats
  8 giant cockroaches
  10 goblins
  9 hobgoblins
  7 jackals (D:3)
  3 quokkas
  A giant gecko zombie (D:6)
  7 giant newts
  7 kobolds
  3 quokka skeletons (D:5)
  7 rats
128 creatures vanquished.

Vanquished Creatures (others)
  A giant frog skeleton (D:6)
  3 orcs (D:6)
4 creatures vanquished.

Grand Total: 132 creatures vanquished

Notes
Turn   | Place    | Note
--------------------------------------------------------------
     0 | D:1      | Heedrag the Deep Elf Conjurer began the quest for the Orb.
     0 | D:1      | Reached XP level 1. HP: 10/10 MP: 6/6
   320 | D:1      | Reached XP level 2. HP: 15/15 MP: 6/8
   580 | D:1      | Reached skill level 5 in Conjurations
   644 | D:1      | Reached XP level 3. HP: 11/19 MP: 0/10
   649 | D:1      | Learned a level 3 spell: Dazzling Spray
  1114 | D:2      | Found a faded altar to an unknown god.
  1307 | D:2      | Reached XP level 4. HP: 24/24 MP: 8/11
  1354 | D:2      | Noticed Robin
  1537 | D:2      | Reached skill level 6 in Conjurations
  2376 | D:3      | Learned a level 4 spell: Iskenderun's Mystic Blast
  2540 | D:3      | Reached XP level 5. HP: 28/28 MP: 9/13
  3086 | D:4      | Found a shimmering altar of Xom.
  3090 | D:4      | Found a glowing golden altar of the Shining One.
  3144 | D:4      | Noticed a black bear
  3155 | D:4      | Killed a black bear
  3155 | D:4      | Reached skill level 7 in Conjurations
  3155 | D:4      | Reached XP level 6. HP: 28/32 MP: 0/15
  3162 | D:4      | Learned a level 5 spell: Iskenderun's Battlesphere
  3445 | D:4      | Noticed Crazy Yiuf
  3455 | D:4      | Reached skill level 5 in Spellcasting
  3459 | D:4      | Killed Crazy Yiuf
  3822 | D:5      | Entered Level 5 of the Dungeon
  3912 | D:5      | Found a sparkling altar of Nemelex Xobeh.
  4150 | D:5      | Reached skill level 8 in Conjurations
  4538 | D:6      | Reached XP level 7. HP: 36/36 MP: 15/17
  4567 | D:6      | Reached skill level 1 in Charms
  4942 | D:6      | Noticed Pikel
  5097 | D:5      | Killed Pikel
  5097 | D:5      | Reached skill level 9 in Conjurations
  5097 | D:5      | Reached XP level 8. HP: 38/41 MP: 1/20
  5317 | D:6      | Found a white marble altar of Elyvilon.
  5386 | D:6      | Reached skill level 5 in Charms
  5522 | D:6      | Noticed Sigmund
  5526 | D:6      | Killed Sigmund
  5526 | D:6      | Reached skill level 10 in Conjurations
  5635 | D:6      | Killed from afar by an orc priest

Skill      XL: |  1  2  3  4  5  6  7  8 |
---------------+-------------------------+-----
Conjurations   | 5 6 7 8 9 10 | 10.3
Spellcasting   | 4 5 7 |  7.7
Charms         | 4 5 |  5.7
Dodging        | |  2.4
Stealth        | |  2.4

Action                   |  1- 3 |  4- 6 |  7- 9 || total
-------------------------+-------+-------+-------++-------
Melee: Short sword       |     3 |     8 |       ||    11
       Trident           |       |     5 |     4 ||     9
 Cast: Magic Dart        |    55 |   171 |    84 ||   310
       Dazzling Spray    |       |     8 |    11 ||    19
       Iskenderun's Batt |       |       |     6 ||     6
 Stab: Invisible         |       |       |     1 ||     1
  Eat: Chunk             |     1 |    10 |     1 ||    12
       Meat ration       |       |       |     1 ||     1
Armor: Robe              |     3 |    11 |    22 ||    36
Dodge: Dodged            |     9 |    38 |    39 ||    86
